TOP OF THE 1ST |
District 9 Prawns batting - Pitching for Lansing Lugnuts : LHP Steve Haynes
|
Pitching: LHP Steve Haynes
|
|
Batting: LHB Enrique Nalasco
|
0-0: Called Strike 0-1: Fly out, F7 (Flyball, 7D)
|
Batting: RHB Marcos Moreno
|
0-0: Called Strike 0-1: Ball 1-1: Foul Ball, location: 2F 1-2: Ground out 6-3 (Groundball, 6)
|
Batting: LHB Ryan Hensley
|
0-0: Ball 1-0: Swinging Strike 1-1: Ball 2-1: Called Strike 2-2: Strikes out looking
|
Top of the 1st over - 0 run(s), 0 hit(s), 0 error(s), 0 left on base; District 9 0 - Lansing 0 |
BOTTOM OF THE 1ST |
Lansing Lugnuts batting - Pitching for District 9 Prawns : RHP Víctor Ventura
|
Pitching: RHP Víctor Ventura
|
|
Batting: LHB Jeffrey Satterley
|
0-0: Foul Ball, location: 2F 0-1: Ball 1-1: Swinging Strike 1-2: Ball 2-2: Foul Ball, location: 2F 2-2: Foul Ball, location: 2F 2-2: Ball 3-2: Base on Balls
|
Batting: RHB Jim Tracy
|
0-0: Called Strike 0-1: Ball 1-1: Ball 2-1: Fly out, F9 (Flyball, 9LD)
|
Batting: RHB Gilberto López
|
0-0: Ball 1-0: Ball 2-0: Ball 3-0: Called Strike 3-1: Foul Ball, location: 2F 3-2: Foul Ball, location: 2F 3-2: Strikes out swinging
|
Batting: RHB Júlio Caraballo
|
0-0: Foul Ball, location: 2F 0-1: Ball 1-1: Called Strike Throwing error on steal attempt, E2 Jeffrey Satterley to third 1-2: Strikes out looking
|
Bottom of the 1st over - 0 run(s), 0 hit(s), 1 error(s), 1 left on base; District 9 0 - Lansing 0 |
TOP OF THE 2ND |
District 9 Prawns batting - Pitching for Lansing Lugnuts : LHP Steve Haynes
|
Batting: RHB Mal Snyder
|
0-0: Called Strike 0-1: Foul Ball, location: 2F 0-2: Ball 1-2: Foul Ball, location: 2F 1-2: Foul Ball, location: 2F 1-2: Ground out 5-3 (Groundball, 5S)
|
Batting: LHB Leland Hardy
|
0-0: Ball 1-0: Swinging Strike 1-1: Foul Ball, location: 2F 1-2: DOUBLE (Flyball, 89XD)
|
Batting: RHB Alfredo Cortéz
|
0-0: Ball 1-0: Ball 2-0: Ball 3-0: Called Strike 3-1: Base on Balls
|
Batting: RHB Lúcio García
|
0-0: Called Strike Leland Hardy steals 3rd base Alfredo Cortéz to second 0-1: Swinging Strike 0-2: Strikes out swinging
|
Batting: RHB Bill Beck
|
0-0: Ball 1-0: Ball 2-0: Foul Ball, location: 2F 2-1: Foul Ball, location: 2F 2-2: Foul Ball, location: 2F 2-2: Ball 3-2: Foul Ball, location: 2F 3-2: Base on Balls
|
Batting: RHB Manuel Cortéz
|
0-0: Called Strike 0-1: Ball 1-1: Swinging Strike 1-2: Ball 2-2: Ball 3-2: Foul Ball, location: 2F 3-2: Strikes out swinging
|
Top of the 2nd over - 0 run(s), 1 hit(s), 0 error(s), 3 left on base; District 9 0 - Lansing 0 |
BOTTOM OF THE 2ND |
Lansing Lugnuts batting - Pitching for District 9 Prawns : RHP Víctor Ventura
|
Batting: RHB Taki Chikafuji
|
0-0: Ball 1-0: Ball 2-0: Ball 3-0: Fly out, F3 (Popup, 3SF)
|
Batting: RHB Steve Hathaway
|
0-0: Ball 1-0: Called Strike 1-1: Swinging Strike 1-2: Ball 2-2: Foul Ball, location: 2F 2-2: Ball 3-2: Foul Ball, location: 2F 3-2: Foul Ball, location: 2F 3-2: Foul Ball, location: 2F 3-2: Foul Ball, location: 2F 3-2: Foul Ball, location: 2F 3-2: Base on Balls
|
Batting: RHB Ken Franklin
|
0-0: Called Strike 0-1: Swinging Strike 0-2: Ball 1-2: Foul Ball, location: 2F 1-2: Fly out, F9 (Popup, 3D)
|
Batting: RHB Bernardo Villa
|
0-0: Ball Steve Hathaway is caught stealing 2nd base
|
Bottom of the 2nd over - 0 run(s), 0 hit(s), 0 error(s), 0 left on base; District 9 0 - Lansing 0 |
TOP OF THE 3RD |
District 9 Prawns batting - Pitching for Lansing Lugnuts : LHP Steve Haynes
|
Batting: LHB Enrique Nalasco
|
0-0: Ball 1-0: Ball 2-0: Foul Ball, location: 2F 2-1: Ground out 6-3 (Groundball, 6M)
|
Batting: RHB Marcos Moreno
|
0-0: Called Strike 0-1: Ground out 4-3 (Groundball, 4)
|
Batting: LHB Ryan Hensley
|
0-0: Called Strike 0-1: SINGLE (Groundball, 13S) (infield hit)
|
Batting: RHB Mal Snyder
|
0-0: Called Strike 0-1: Ball 1-1: Foul Ball, location: 2F 1-2: Ball 2-2: Foul Ball, location: 2F 2-2: Strikes out swinging
|
Top of the 3rd over - 0 run(s), 1 hit(s), 0 error(s), 1 left on base; District 9 0 - Lansing 0 |
BOTTOM OF THE 3RD |
Lansing Lugnuts batting - Pitching for District 9 Prawns : RHP Víctor Ventura
|
Batting: RHB Bernardo Villa
|
0-0: Ball 1-0: Swinging Strike 1-1: Called Strike 1-2: Foul Ball, location: 2F 1-2: Ball 2-2: Fly out, F9 (Line Drive, 9M)
|
Batting: RHB Howard Daniel
|
0-0: Called Strike 0-1: Ground out 1-3 (Groundball, 15)
|
Batting: LHB Jeffrey Satterley
|
0-0: Ball 1-0: Fly out, F5 (Line Drive, 56S)
|
Bottom of the 3rd over - 0 run(s), 0 hit(s), 0 error(s), 0 left on base; District 9 0 - Lansing 0 |
TOP OF THE 4TH |
District 9 Prawns batting - Pitching for Lansing Lugnuts : LHP Steve Haynes
|
Batting: LHB Leland Hardy
|
0-0: Foul Ball, location: 2F 0-1: Ball 1-1: Foul Ball, location: 2F 1-2: Strikes out swinging
|
Batting: RHB Alfredo Cortéz
|
0-0: Ball 1-0: Ball 2-0: Ball 3-0: Called Strike 3-1: Called Strike 3-2: Base on Balls
|
Batting: RHB Lúcio García
|
0-0: Swinging Strike 0-1: Swinging Strike 0-2: Strikes out swinging
|
Batting: RHB Bill Beck
|
0-0: Called Strike 0-1: Ball 1-1: Ball 2-1: Reached on error, E6 (Groundball, 6) Alfredo Cortéz to second
|
Batting: RHB Manuel Cortéz
|
0-0: Foul Ball, location: 2F 0-1: Called Strike 0-2: Foul Ball, location: 2F 0-2: Ball 1-2: Foul Ball, location: 2F 1-2: Ball 2-2: Foul Ball, location: 2F 2-2: Foul Ball, location: 2F 2-2: Ball 3-2: Base on Balls Alfredo Cortéz to third Bill Beck to second
|
Batting: LHB Enrique Nalasco
|
0-0: Foul Ball, location: 2F 0-1: Ground out 4-3 (Groundball, 13)
|
Top of the 4th over - 0 run(s), 0 hit(s), 1 error(s), 3 left on base; District 9 0 - Lansing 0 |
BOTTOM OF THE 4TH |
Lansing Lugnuts batting - Pitching for District 9 Prawns : RHP Víctor Ventura
|
Batting: RHB Jim Tracy
|
0-0: Foul Ball, location: 2F 0-1: Foul Ball, location: 2F 0-2: Ball 1-2: SINGLE (Groundball, 6MD)
|
Batting: RHB Gilberto López
|
0-0: Fly out, F4 (Flyball, 4MD)
|
Batting: RHB Júlio Caraballo
|
0-0: Called Strike 0-1: Ball 1-1: Ball 2-1: Ball 3-1: Foul Ball, location: 2F 3-2: Base on Balls Jim Tracy to second
|
Batting: RHB Taki Chikafuji
|
0-0: Called Strike 0-1: Called Strike 0-2: Foul Ball, location: 2F 0-2: Ball 1-2: Ball Passed Ball! Jim Tracy to third Júlio Caraballo to second 2-2: Fly out, F7 (Flyball, 7LD) Runner from 3rd tags up, SCORES, throw made
|
Batting: RHB Steve Hathaway
|
0-0: Ball 1-0: Ball Wild Pitch! Júlio Caraballo to third 2-0: Foul Ball, location: 2F 2-1: Foul Ball, location: 2F 2-2: Strikes out swinging
|
Bottom of the 4th over - 1 run(s), 1 hit(s), 0 error(s), 1 left on base; District 9 0 - Lansing 1 |
TOP OF THE 5TH |
District 9 Prawns batting - Pitching for Lansing Lugnuts : LHP Steve Haynes
|
Batting: RHB Marcos Moreno
|
0-0: Ball 1-0: Ball 2-0: Called Strike 2-1: Ball 3-1: Base on Balls
|
Pitching: LHP Carl Lewis
|
|
Batting: LHB Ryan Hensley
|
0-0: Ball 1-0: Swinging Strike 1-1: Ball 2-1: Swinging Strike 2-2: Ball 3-2: Foul Ball, location: 2F 3-2: Strikes out looking
|
Batting: RHB Mal Snyder
|
0-0: Ball 1-0: Ball 2-0: Foul Ball, location: 2F 2-1: Called Strike 2-2: Foul Ball, location: 2F 2-2: Ball 3-2: Base on Balls Marcos Moreno to second
|
Batting: LHB Leland Hardy
|
0-0: Called Strike 0-1: Ball 1-1: Swinging Strike 1-2: Strikes out swinging
|
Batting: RHB Alfredo Cortéz
|
0-0: Ball 1-0: Foul Ball, location: 2F 1-1: Ball 2-1: Ball 3-1: Called Strike 3-2: Base on Balls Marcos Moreno to third Mal Snyder to second
|
Batting: RHB Lúcio García
|
0-0: Called Strike 0-1: Ball 1-1: Swinging Strike 1-2: Strikes out looking
|
Top of the 5th over - 0 run(s), 0 hit(s), 0 error(s), 3 left on base; District 9 0 - Lansing 1 |
BOTTOM OF THE 5TH |
Lansing Lugnuts batting - Pitching for District 9 Prawns : RHP Víctor Ventura
|
Batting: RHB Ken Franklin
|
0-0: Swinging Strike 0-1: Ball 1-1: Ball 2-1: Fly out, F3 (Popup, 3SF)
|
Batting: RHB Bernardo Villa
|
0-0: Called Strike 0-1: Swinging Strike 0-2: Ball 1-2: Ball 2-2: Foul Ball, location: 2F 2-2: Foul Ball, location: 2F 2-2: Ball 3-2: Strikes out looking
|
Batting: RHB Howard Daniel
|
0-0: Ball 1-0: Foul Ball, location: 2F 1-1: Ball 2-1: Foul Ball, location: 2F 2-2: SINGLE (Groundball, 34)
|
Pitching: RHP Alberto Vega
|
|
Batting: LHB Jeffrey Satterley
|
0-0: Ball 1-0: Ball 2-0: Ground out 3-1 (Groundball, 34)
|
Bottom of the 5th over - 0 run(s), 1 hit(s), 0 error(s), 1 left on base; District 9 0 - Lansing 1 |
TOP OF THE 6TH |
District 9 Prawns batting - Pitching for Lansing Lugnuts : LHP Carl Lewis
|
Pitching: RHP Gerald Hood
|
|
Batting: RHB Bill Beck
|
0-0: Called Strike 0-1: Called Strike 0-2: Foul Ball, location: 2F 0-2: Ball 1-2: Ball 2-2: Ground out 5-3 (Groundball, 15S)
|
Batting: RHB Manuel Cortéz
|
0-0: Ground out 6-3 (Groundball, 6)
|
Batting: LHB Enrique Nalasco
|
0-0: Ball 1-0: Foul Ball, location: 2F 1-1: Ball 2-1: SINGLE (Groundball, 34)
|
Batting: RHB Marcos Moreno
|
0-0: Ball 1-0: Called Strike 1-1: Ball 2-1: Called Strike 2-2: Foul Ball, location: 2F 2-2: Foul Ball, location: 2F 2-2: Strikes out swinging
|
Top of the 6th over - 0 run(s), 1 hit(s), 0 error(s), 1 left on base; District 9 0 - Lansing 1 |
BOTTOM OF THE 6TH |
Lansing Lugnuts batting - Pitching for District 9 Prawns : RHP Alberto Vega
|
Batting: RHB Jim Tracy
|
0-0: Ball 1-0: Called Strike 1-1: Foul Ball, location: 2F 1-2: Ball 2-2: Foul Ball, location: 2F 2-2: Strikes out swinging
|
Batting: RHB Gilberto López
|
0-0: Foul Ball, location: 2F 0-1: Called Strike 0-2: Ball 1-2: Ball 2-2: Ball 3-2: Fly out, F9 (Flyball, 9S)
|
Batting: RHB Júlio Caraballo
|
0-0: Called Strike 0-1: SINGLE (Groundball, 56) (infield hit)
|
Batting: RHB Taki Chikafuji
|
0-0: Called Strike 0-1: Ball 1-1: Ball 2-1: Called Strike 2-2: Foul Ball, location: 2F 2-2: Foul Ball, location: 2F 2-2: Ball 3-2: Base on Balls Júlio Caraballo to second
|
Batting: RHB Steve Hathaway
|
0-0: Called Strike 0-1: Ball 1-1: Foul Ball, location: 2F 1-2: 3-RUN HOME RUN (Flyball, 7D), Distance : 405 ft
|
Pitching: RHP Juan Cervantes
|
|
Batting: RHB Ken Franklin
|
0-0: Fly out, F9 (Flyball, 9M)
|
Bottom of the 6th over - 3 run(s), 2 hit(s), 0 error(s), 0 left on base; District 9 0 - Lansing 4 |
TOP OF THE 7TH |
District 9 Prawns batting - Pitching for Lansing Lugnuts : RHP Gerald Hood
|
Batting: LHB Ryan Hensley
|
0-0: Foul Ball, location: 2F 0-1: Foul Ball, location: 2F 0-2: Strikes out swinging
|
Pitching: LHP Carlos Flores
|
|
Batting: RHB Mal Snyder
|
0-0: Called Strike 0-1: Called Strike 0-2: Ball 1-2: Strikes out swinging
|
Batting: LHB Leland Hardy
|
0-0: Called Strike 0-1: Ball 1-1: Swinging Strike 1-2: Ball 2-2: Ball 3-2: Strikes out swinging
|
Top of the 7th over - 0 run(s), 0 hit(s), 0 error(s), 0 left on base; District 9 0 - Lansing 4 |
BOTTOM OF THE 7TH |
Lansing Lugnuts batting - Pitching for District 9 Prawns : RHP Juan Cervantes
|
Batting: RHB Bernardo Villa
|
0-0: Ball 1-0: Ball 2-0: Called Strike 2-1: Foul Ball, location: 2F 2-2: Ball 3-2: Strikes out swinging
|
Batting: RHB Howard Daniel
|
0-0: Called Strike 0-1: Ball 1-1: Ball 2-1: Ball 3-1: Called Strike 3-2: Foul Ball, location: 2F 3-2: Strikes out looking
|
Batting: LHB Jeffrey Satterley
|
0-0: Swinging Strike 0-1: Ball 1-1: Swinging Strike 1-2: Ball 2-2: Fly out, F6 (Popup, 6)
|
Bottom of the 7th over - 0 run(s), 0 hit(s), 0 error(s), 0 left on base; District 9 0 - Lansing 4 |
TOP OF THE 8TH |
District 9 Prawns batting - Pitching for Lansing Lugnuts : LHP Carlos Flores
|
Batting: RHB Alfredo Cortéz
|
0-0: Ball 1-0: DOUBLE (Flyball, 9D)
|
Batting: RHB Lúcio García
|
0-0: Ball 1-0: Ball 2-0: Ball 3-0: Base on Balls
|
Pitching: RHP José Romano
|
|
Batting: RHB Bill Beck
|
0-0: Called Strike 0-1: Ball 1-1: Ball 2-1: Foul Ball, location: 2F 2-2: Strikes out looking
|
Batting: RHB Manuel Cortéz
|
0-0: Ball 1-0: Foul Ball, location: 2F 1-1: Foul Ball, location: 2F 1-2: Foul Ball, location: 2F 1-2: Fly out, F2 (Popup, 2RF)
|
Batting: LHB Enrique Nalasco
|
0-0: Called Strike 0-1: Ball 1-1: Called Strike 1-2: Strikes out swinging
|
Top of the 8th over - 0 run(s), 1 hit(s), 0 error(s), 2 left on base; District 9 0 - Lansing 4 |
BOTTOM OF THE 8TH |
Lansing Lugnuts batting - Pitching for District 9 Prawns : RHP Juan Cervantes
|
Batting: RHB Jim Tracy
|
0-0: Ball 1-0: Ball 2-0: Called Strike 2-1: Ball 3-1: Foul Ball, location: 2F 3-2: Base on Balls
|
Batting: RHB Gilberto López
|
0-0: Ball 1-0: Fly out, F8 (Flyball, 89S)
|
Batting: RHB Júlio Caraballo
|
0-0: Swinging Strike 0-1: Ball 1-1: Ball 2-1: Called Strike 2-2: Ball 3-2: Foul Ball, location: 2F 3-2: SINGLE (Flyball, 8LS) Jim Tracy to second
|
Batting: RHB Taki Chikafuji
|
0-0: Ball 1-0: Ball 2-0: Ball 3-0: Base on Balls Jim Tracy to third Júlio Caraballo to second
|
Batting: RHB Steve Hathaway
|
0-0: Ball 1-0: Called Strike 1-1: Foul Ball, location: 2F 1-2: Strikes out swinging
|
Batting: RHB Ken Franklin
|
0-0: Called Strike 0-1: Fly out, F7 (Flyball, 78M)
|
Bottom of the 8th over - 0 run(s), 1 hit(s), 0 error(s), 3 left on base; District 9 0 - Lansing 4 |
TOP OF THE 9TH |
District 9 Prawns batting - Pitching for Lansing Lugnuts : RHP José Romano
|
Batting: RHB Marcos Moreno
|
0-0: Ball 1-0: SINGLE (Line Drive, 89S)
|
Batting: LHB Ryan Hensley
|
0-0: Called Strike 0-1: Ball 1-1: Swinging Strike 1-2: Ball 2-2: Strikes out swinging
|
Pitching: RHP Paul McKee
|
|
Batting: RHB Mal Snyder
|
0-0: Ball 1-0: Foul Ball, location: 2F 1-1: Ground out 5-3 (Groundball, 15S) Marcos Moreno to second
|
Batting: LHB Leland Hardy
|
0-0: Called Strike 0-1: Ball 1-1: Called Strike 1-2: Ball 2-2: DOUBLE (Flyball, 9LD) Marcos Moreno scores
|
Batting: RHB Alfredo Cortéz
|
0-0: Ball 1-0: Ball 2-0: Ball 3-0: Foul Ball, location: 2F 3-1: Called Strike 3-2: Foul Ball, location: 2F 3-2: Foul Ball, location: 2F 3-2: Foul Ball, location: 2F 3-2: Foul Ball, location: 2F 3-2: Fly out, F9 (Line Drive, 9S)
|
Top of the 9th over - 1 run(s), 2 hit(s), 0 error(s), 1 left on base; District 9 1 - Lansing 4 |
|